 Dungeon Crawl Stone Soup version 0.20.1-1-g8b1a95d (webtiles) character file.

347 Mimshu the Shield-Bearer (level 6, -2/38 HPs)
             Began as a Gargoyle Fighter on Dec 1, 2017.
             Slain by an ogre
             ... wielding a +0 giant club
              (10 damage)
             ... on level 4 of the Dungeon.
             The game lasted 00:08:34 (3659 turns).

Mimshu the Shield-Bearer (Gargoyle Fighter)         Turns: 3659, Time: 00:08:36

Health: -2/38      AC: 17    Str: 20    XL:     6   Next: 59%
Magic:  6/6        EV:  6    Int:  9    God:
Gold:   150        SH:  9    Dex: 10    Spells: 5/5 levels left

rFire    . . .     SeeInvis .   a - +0 long sword
rCold    . . .     Gourm    .   c - +0 shield
rNeg     + . .     Faith    .   e - +0 chain mail
rPois    ∞         Spirit   .   (no helmet)
rElec    +         Reflect  .   (no cloak)
rCorr    .         Harm     .   (no gloves)
MR       .....                  (no boots)
Stlth    ..........             (no amulet)
Regen    0.2/turn               t - +4 ring of protection
MPRegen  0.1/turn               (no ring)

@: no status effects
A: negative energy resistance 1, electricity resistance, unbreathing,
petrification resistance, rot immunity, AC +4
a: no special abilities


You were on level 4 of the Dungeon.
You were not hungry.

You visited 1 branch of the dungeon, and saw 4 of its levels.

You collected 150 gold pieces.

Inventory:

Hand Weapons
 a - a +0 long sword (weapon)
 k - a +2 hand axe of flaming
 z - a +0 blowgun
Missiles
 j - 38 stones (quivered)
 w - 4 tomahawks
 x - 18 arrows
 A - 17 poisoned needles
Armour
 b - a +0 scale mail
 c - a +0 shield (worn)
 e - a +0 chain mail (worn)
 B - a +0 chain mail
Jewellery
 t - a +4 ring of protection (left hand)
Scrolls
 o - a scroll of remove curse
 r - a scroll of amnesia {unknown}
 s - a scroll of fog
 u - 2 scrolls of identify
 v - a scroll of enchant armour {unknown}
 y - a scroll of teleportation {unknown}
Potions
 d - 2 potions of might
 g - a potion of ambrosia {unknown}
 h - 2 potions of degeneration {unknown}
 i - a potion of agility {unknown}
 p - 3 potions of flight {unknown}
 q - 2 potions of cancellation {unknown}
Comestibles
 f - 2 bread rations
 l - a meat ration
 n - 3 fruits


   Skills:
 + Level 3.8 Fighting
 + Level 4.0 Long Blades
 + Level 4.2 Armour
 + Level 1.1 Dodging
 + Level 0.2 Stealth
 + Level 5.0 Shields


You had 5 spell levels left.
You didn't know any spells.

Dungeon Overview and Level Annotations

Branches:
Dungeon (4/15)
 Temple: D:4-7

Altars:

Annotations:
D:4 Eustachio


Innate Abilities, Weirdness & Mutations

You are resistant to torment.
Your stone body is resilient. (AC +4)
You are immune to poison.
You resist negative energy. (rN+)
You are resistant to electric shocks. (rElec)
You can survive without breathing.
You are immune to petrification.
You are immune to rotting.


Message History

You barely miss the scorpion.
The scorpion is heavily wounded.
You block the scorpion's attack. The scorpion closely misses you.
Your shield and chain mail prevent you from hitting the scorpion.
The scorpion is heavily wounded.
The scorpion stings you but does no damage.
You slash the scorpion!
You kill the scorpion!
Your Long Blades skill increases to level 4!
Your Shields skill increases to level 5!
Eustachio gestures wildly while chanting.
Eustachio blinks!
You hit the ogre.
The ogre is lightly wounded.
The ogre completely misses you.
You riposte.
You barely miss the ogre.
The ogre is lightly wounded.
You hit the ogre.
The ogre is moderately wounded.
The ogre hits you with a giant club!
You die...

...# #+## #.# ###+## #.#
#..... #.# #.....#+######
#.# #............ #.#
#..........# ##### #.#
...........# #... #.#
......#'######.#########.##
#.....bO@.............#
#....#####.############
#....# #.# ###..# #.# ...#
#.# #...# #.# #...# #.#
#...# #.#


You could see an ogre and a bat.

Vanquished Creatures
  An ogre (D:4)
  A scorpion (D:4)
  Natasha (thrice) (D:2)
  6 adders
  An ooze (D:3)
  4 worms
  2 dart slugs (D:1)
  2 leopard geckos
  8 orcs
  A ball python (D:1)
  A giant cockroach (D:1)
  3 goblins (D:1)
  6 hobgoblins
  6 jackals
  12 kobolds
  2 quokkas (D:2)
  3 bats
  7 frilled lizards
  2 rats
71 creatures vanquished.

Notes
Turn   | Place    | Note
-------+----------+-------------------------------------------
     0 | D:1      | Mimshu the Gargoyle Fighter began the quest for the Orb.
     0 | D:1      | Reached XP level 1. HP: 14/14 MP: 1/1
   474 | D:1      | Reached XP level 2. HP: 19/19 MP: 2/2
  1032 | D:1      | Reached XP level 3. HP: 23/23 MP: 3/3
  1589 | D:2      | Reached skill level 4 in Shields
  1784 | D:2      | Noticed Natasha
  1796 | D:2      | Killed Natasha
  1796 | D:2      | Reached XP level 4. HP: 7/28 MP: 4/4
  2021 | D:2      | Noticed Natasha
  2039 | D:2      | Killed Natasha
  2427 | D:2      | Noticed Natasha
  2437 | D:2      | Killed Natasha
  2437 | D:2      | Reached XP level 5. HP: 28/32 MP: 5/5
  2895 | D:3      | Reached skill level 1 in Dodging
  3509 | D:4      | Noticed an ogre
  3517 | D:4      | Killed an ogre
  3517 | D:4      | Reached XP level 6. HP: 23/38 MP: 6/6
  3638 | D:4      | Noticed Eustachio
  3657 | D:4      | Reached skill level 5 in Shields
  3659 | D:4      | Slain by an ogre

Skill      XL: |  1  2  3  4  5  6 |
---------------+-------------------+-----
Long Blades    | 2 3 4 |  4.0
Shields        | 4 5 |  5.0
Armour         | 4 |  4.2
Dodging        | 1 |  1.1
Fighting       | |  3.8
Stealth        | |  0.2

Action                   |  1- 3 |  4- 6 || total
-------------------------+-------+-------++-------
Melee: Long sword        |   157 |   194 ||   351
  Use: Scroll            |     5 |       ||     5
  Eat: Chunk             |     3 |     6 ||     9
       Fruit             |       |     1 ||     1
Armor: Scale mail        |     9 |       ||     9
       Skin              |     1 |       ||     1
       Chain mail        |   104 |    97 ||   201
Dodge: Dodged            |    31 |    43 ||    74
Block: Shield            |    86 |   107 ||   193
       Rpst.: Long sword |    10 |    18 ||    28
